 Dungeon Crawl Stone Soup version 0.26.1-11-gd32895ea62 (webtiles) character file.

Game seed: 18382330274925763780

4834 Zeld the Cruncher (level 10, -7/60 HPs)
             Began as an Octopode Gladiator on May 22, 2021.
             Was an Initiate of Okawaru.
             Mangled by a tengu warrior
             ... wielding a +0 great sword
              (18 damage)
             ... on level 10 of the Dungeon.
             The game lasted 00:16:08 (17209 turns).

Zeld the Cruncher (Octopode Gladiator)             Turns: 17209, Time: 00:16:09

Health: -7/60      AC:  3    Str: 16    XL:     10   Next: 49%
Magic:  10/10      EV: 18    Int: 10    God:    Okawaru [......]
Gold:   187        SH:  0    Dex: 15    Spells: 9/9 levels left

rFire    . . .     SeeInvis .   a - +4 quarterstaff
rCold    + . .     Faith    .   (shield currently unavailable)
rNeg     . . .     Spirit   .   b - +2 hat
rPois    .         Reflect  .   (no amulet)
rElec    .         Harm     .   j - ring of protection from cold
rCorr    .         Rampage  .   x - ring of Ejid {Wiz Will+}
Will     +....                  y - +4 ring of evasion
Stlth    ++........             B - ring of flight
HPRegen  0.20/turn              (no ring)
MPRegen  0.12/turn              (no ring)
                                (no ring)
                                (no ring)

@: about to teleport
A: almost no armour, stealthy swim, amphibious, 8 rings, constrict 8, camouflage
1, gelatinous body 1
a: Renounce Religion, Evoke Flight


You were on level 10 of the Dungeon.
You worshipped Okawaru.
Okawaru was noncommittal.
You visited 2 branches of the dungeon, and saw 11 of its levels.

You collected 670 gold pieces.
You spent 483 gold pieces at shops.

Inventory:

Hand Weapons
 a - a +4 quarterstaff (weapon)
 q - a +2 quarterstaff of chaos
Missiles
 c - 3 throwing nets
 d - 50 poisoned darts (quivered)
 o - 13 boomerangs
 z - 17 javelins
 A - a boomerang of dispersal
Armour
 b - a +2 hat (worn)
Jewellery
 j - a ring of protection from cold (left tentacle)
 x - the ring of Ejid (right tentacle) {Wiz Will+}
   (You found it on level 4 of the Dungeon)

   [ring of wizardry]

   It improves your spell success rate.
   It affects your willpower, your defense against some magical effects.
 y - a +4 ring of evasion (on tentacle)
 B - a ring of flight (on tentacle)
Wands
 s - a wand of acid (9)
 v - a wand of flame (11)
 E - a wand of digging (7)
Scrolls
 e - 5 scrolls of amnesia
 f - 7 scrolls of teleportation
 g - 5 scrolls of magic mapping
 h - a scroll of holy word
 m - 7 scrolls of remove curse
Potions
 i - a potion of lignification {unknown}
 k - a potion of resistance {unknown}
 l - 2 potions of cancellation
 n - a potion of brilliance
 p - 3 potions of berserk rage
 r - 4 potions of curing {unknown}
 t - 2 potions of invisibility
 u - 4 potions of heal wounds {unknown}
 w - 4 potions of haste {unknown}
 C - a potion of mutation {unknown}
 D - 2 potions of ambrosia {unknown}


   Skills:
 - Level 2.0 Fighting
 - Level 14.0 Staves
 * Level 5.3 Throwing
 - Level 3.0 Dodging


You had 9 spell levels left.
You didn't know any spells.
Your spell library contained the following spells:

 Spells                   Type           Power        Failure   Level
 Magic Dart               Conj           0%           16%         1
 Blink                    Tloc           N/A          22%         2
 Call Imp                 Summ           0%           22%         2
 Slow                     Hex            0%           22%         2
 Conjure Flame            Conj/Fire      0%           41%         3
 Mephitic Cloud           Conj/Pois/Air  0%           41%         3


Dungeon Overview and Level Annotations

Branches:
Dungeon (10/15)            Temple (1/1) D:5            Lair (0/6) D:9
    Orc: D:9-12

Altars:
Ashenzari
Cheibriados
Dithmenos
Elyvilon
Fedhas
Gozag
Hepliaklqana
Kikubaaqudgha
Makhleb
Nemelex Xobeh
Okawaru
Qazlal
Ru
Sif Muna
Trog
Uskayaw
Vehumet
Wu Jian
Xom
Yredelemnul
Zin
The Shining One

Shops:
D:6 :[:[?   D:8 (   D:9 }


Innate Abilities, Weirdness & Mutations

You cannot wear most types of armour.
You are very stealthy in the water. (Stealth+)
You are amphibious.
You can wear up to eight rings at the same time.
You can use your tentacles to constrict eight enemies at once.
Your skin changes colour to match your surroundings (Stealth+).
Your rubbery body absorbs attacks. (AC +1, EV +1)


Message History

The tengu warrior is lightly wounded.
You constrict the tengu warrior.
The tengu warrior hits you with a +0 great sword.
The tengu warrior pecks you!
The tengu warrior completely misses you.
You are too injured to fight recklessly!
You are too injured to fight recklessly!
You are too injured to fight recklessly!
Okay, then.
You release your grip on the tengu warrior.
The tengu warrior looks more healthy.
The tengu warrior hits you with a +0 great sword!
* * * LOW HITPOINT WARNING * * *
The tengu warrior misses you. The tengu warrior claws you.
* * * LOW HITPOINT WARNING * * *
Okay, then.
As you read the scroll of teleportation, it crumbles to dust.
You feel strangely unstable.
The tengu warrior hits you with a +0 great sword!!
You die...

#.###.....#..#
#........###.#
#####.###.#..# ##.#
##.#.# ....##..#.#
.(...#.##.#
.._.....##.# ##+#
##(..###.##.#
##...## #(......@Q.#
#.....#########.####
.......## ##.#.#
....<...####....#
........'.))....#
........####....#
.......## ##.#.#
#.....## ###.#
##...## #..


You could see a tengu warrior.

Vanquished Creatures
  Maggie (D:6)
  Sigmund (D:2)
  Menkaure (D:6)
  A water moccasin (D:7)
  3 ice beasts
  A black bear (D:8)
  4 ogres
  3 centaurs
  5 phantoms
  Blork the orc (D:6)
  3 bullfrogs
  A scorpion (D:7)
  15 killer bees
  6 wights
  A howler monkey (D:4)
  An electric eel (D:9)
  2 bullfrog zombies
  4 orc priests
  4 hounds
  A jelly (D:8)
  A bullfrog skeleton (D:7)
  A centaur skeleton (D:4)
  8 orc wizards
  Crazy Yiuf (D:6)
  2 gnoll shamans (D:3)
  3 iron imps (D:6)
  3 iguanas
  A worker ant (D:8)
  A hound skeleton (D:6)
  34 gnolls
  A howler monkey skeleton (D:7)
  9 adders
  A shadow imp (D:6)
  2 white imps (D:5)
  3 ufetubi
  4 oozes
  4 worms
  A dart slug (D:4)
  4 leopard geckos
  27 orcs
  11 bats
  4 giant cockroaches
  5 goblins
  5 hobgoblins
  14 jackals (D:3)
  7 quokkas
  7 frilled lizards
  A giant cockroach zombie (D:6)
  6 kobolds
  A quokka skeleton (D:8)
  7 rats
238 creatures vanquished.

Vanquished Creatures (others)
  An orc (D:6)
  3 fungi (D:4)
  11 plants (D:3)
15 creatures vanquished.

Grand Total: 253 creatures vanquished

Notes
Turn   | Place    | Note
-------+----------+-------------------------------------------
     0 | D:1      | Zeld the Octopode Gladiator began the quest for the Orb.
     0 | D:1      | Reached XP level 1. HP: 14/14 MP: 1/1
    91 | D:1      | Reached XP level 2. HP: 17/19 MP: 2/2
   495 | D:1      | Reached skill level 4 in Staves
   511 | D:1      | Reached XP level 3. HP: 24/24 MP: 3/3
   726 | D:2      | Found an ornate altar of the Wu Jian Council.
  1296 | D:2      | Reached XP level 4. HP: 21/29 MP: 4/4
  1627 | D:2      | Found an ornate altar of the Wu Jian Council.
  1668 | D:2      | Noticed Sigmund
  1682 | D:2      | Killed Sigmund
  1683 | D:2      | Reached skill level 6 in Staves
  1683 | D:2      | Reached XP level 5. HP: 29/34 MP: 5/5
  1683 | D:2      | Reached XP level 6. HP: 33/39 MP: 6/6
  2170 | D:3      | Found a faded altar of an unknown god.
  2435 | D:3      | Reached skill level 7 in Staves
  2486 | D:3      | HP: 1/39 [gnoll/+0 whip (5)]
  3668 | D:3      | Reached XP level 7. HP: 24/45 MP: 7/7
  4036 | D:3      | Reached skill level 8 in Staves
  4827 | D:3      | Reached skill level 9 in Staves
  4996 | D:4      | Found a sparkling altar of Nemelex Xobeh.
  5179 | D:4      | Reached XP level 8. HP: 20/50 MP: 8/8
  5850 | D:4      | Found the +8 arc blade {discharge, rElec}
  6418 | D:4      | Reached skill level 10 in Staves
  6578 | D:4      | Got a vibrating iron ring
  6887 | D:5      | Entered Level 5 of the Dungeon
  7924 | D:5      | Found a staircase to the Ecumenical Temple.
  8022 | Temple   | Entered the Ecumenical Temple
  8676 | D:5      | Reached skill level 11 in Staves
  9262 | D:6      | Reached XP level 9. HP: 54/54 MP: 9/9
  9364 | D:6      | Found Kyxoohaf's Book Boutique.
  9430 | D:6      | Noticed Menkaure
  9433 | D:6      | Noticed Blork the orc
 10057 | D:6      | Found Meusod's Book Emporium.
 10184 | D:6      | Found Werpheak's Armour Boutique.
 10592 | D:6      | Killed Blork the orc
 10876 | D:6      | Killed Menkaure
 10877 | D:6      | Reached skill level 12 in Staves
 11102 | D:6      | Noticed Maggie
 12768 | D:6      | Found a burning altar of Makhleb.
 12898 | D:6      | Found Pistranemp's Antique Armour Shop.
 12903 | D:6      | Found Latuczoahe's Magic Scroll Shoppe.
 12911 | D:6      | Bought a scroll of identify for 28 gold pieces
 12911 | D:6      | Bought a scroll of remove curse for 42 gold pieces
 12911 | D:6      | Bought a scroll of enchant weapon for 105 gold pieces
 12911 | D:6      | Bought a scroll of teleportation for 42 gold pieces
 12911 | D:6      | Bought a scroll of enchant armour for 105 gold pieces
 12911 | D:6      | Bought a scroll of identify for 28 gold pieces
 12911 | D:6      | Bought a scroll of teleportation for 42 gold pieces
 12911 | D:6      | Bought a scroll of amnesia for 49 gold pieces
 12930 | D:6      | Identified the ring of Ejid {Wiz Will+} (You found it on
                  | level 4 of the Dungeon)
 13050 | D:6      | Found a basalt altar of Yredelemnul.
 13050 | D:6      | Found a hazy altar of Hepliaklqana.
 13655 | D:6      | Killed Maggie
 13875 | D:6      | Found a runed translucent door.
 13876 | D:6      | Noticed Crazy Yiuf
 14126 | D:6      | Killed Crazy Yiuf
 14246 | D:7      | Reached skill level 13 in Staves
 14512 | D:6      | Bought a scroll of teleportation for 42 gold pieces
 14700 | D:7      | Found a white marble altar of Elyvilon.
 14795 | D:7      | Found a sacrificial altar of Ru.
 15201 | D:8      | Reached XP level 10. HP: 60/60 MP: 10/10
 15463 | D:8      | Found a stormy altar of Qazlal.
 15502 | D:8      | Found Beffuq's Antique Weapon Shop.
 15733 | D:8      | Reached skill level 14 in Staves
 16161 | D:9      | Found Keigim's Gadget Emporium.
 16224 | D:9      | Found a staircase to the Lair.
 16533 | D:9      | Found an iron altar of Okawaru.
 16534 | D:9      | Found an opulent altar of Gozag.
 16534 | D:9      | Found a bloodstained altar of Trog.
 16586 | D:9      | Found a radiant altar of Vehumet.
 16593 | D:9      | Became a worshipper of Warmaster Okawaru
 17068 | D:10     | Entered Level 10 of the Dungeon
 17070 | D:10     | Reached skill level 5 in Throwing
 17187 | D:10     | Found a shadowy altar of Dithmenos.
 17187 | D:10     | Noticed a tengu warrior
 17209 | D:10     | Mangled by a tengu warrior

Illustrated notes

Levels and vault maps discovered:
D:1:      minmay_arrival_semitransparent, layout_loops_ring,
          minmay_misc_feat_rows, item_on_display_a
D:2:      layout_basic, pdpol_wu_jian_five_deadly_venoms,
          kennysheep_flooded_box, uniq_sigmund
D:3:      lemuel_castle_with_subvaults [lemuel_castle_interior_carwin_3],
          layout_rooms, chequers_ecumenical_altar_lobes
D:4:      minmay_evil_eye, layout_basic, lemuel_crystal_altar, serial_aquarium,
          aquarium_bridge_square [aquarium_subvault_bridge,
          aquarium_subvault_wall, aquarium_subvault_bridge,
          aquarium_subvault_balcony], aquarium_window_corner, aquarium_window_1,
          aquarium_window_1, aquarium_view_2e, aquarium_balcony_3b,
          aquarium_pool_corner, minmay_a_box_with_orc_wizards_in_it
D:5:      layout_basic, minmay_temple_entry_statues, minmay_door_square
D:6:      layout_basic, demons_altar, minitemple, serial_shops,
          nicolae_shop_behind_doors, shop, nicolae_shop_crystal, shop, shop,
          uniq_maggie, uniq_crazy_yiuf_cottage, uniq_blork_the_orc,
          uniq_menkaure
D:7:      layout_cave_pods, overflow_temple_1_default,
          nicolae_overflow_crystal_walls
D:8:      layout_loops_ring, serial_shops, shop, basic_altar
D:9:      statuecave_lemuel, layout_basic, nicolae_overflow_quartered_altars,
          serial_shops, shop_fountains, minmay_fractal_squares_diagonal_5
D:10:     layout_loops_corners, minmay_orc_entry_temple_small, serial_shops,
          nicolae_shop_behind_doors, hangedman_feature_mirror,
          minmay_diced_spiral
Temple:   jpeg_temple_clearing

Skill      XL: |  1  2  3  4  5  6  7  8  9 10 |
---------------+-------------------------------+-----
Staves         | 4 6 7 9 11 13 14 | 14.0
Throwing       | 5 |  5.3
Fighting       | |  2.0
Dodging        | |  3.0

Action                   |  1- 3 |  4- 6 |  7- 9 | 10-12 || total
-------------------------+-------+-------+-------+-------++-------
Melee: Quarterstaff      |    53 |    96 |   359 |   127 ||   635
       Constrict         |    11 |    23 |    68 |    19 ||   121
       Tentacles         |     4 |    28 |    75 |    19 ||   126
Throw: Dart              |       |       |       |     3 ||     3
Evoke: Wand              |       |       |     1 |       ||     1
  Use: Scroll            |       |       |    16 |     4 ||    20
       Potion            |       |       |     1 |       ||     1
 Stab: Sleeping          |     7 |     8 |     6 |    10 ||    31
       Distracted        |       |       |     2 |       ||     2
Armor: Skin              |     6 |     4 |     4 |     7 ||    21
Dodge: Dodged            |    35 |    63 |   198 |    79 ||   375
